 Seeded DCSS version 0.30.1-11-g7821555f0a (webtiles) character file.

Game seed: 6021989674493012035 (custom seed)

29655 fireball365 the Severer (level 13, 0/119 HPs)
             Began as a Hill Orc Fighter on Nov 11, 2023.
             Was an Initiate of Gozag.
             Slain by a catoblepas (12 damage)
             ... on level 14 of the Dungeon.
             The game lasted 00:37:25 (14649 turns).

fireball365 the Severer (Hill Orc Fighter)         Turns: 14649, Time: 00:37:25

Health: 0/119      AC: 26    Str: 27    XL:     13   Next: 46%
Magic:  0/13       EV:  8    Int:  8    God:    Gozag
Gold:   218        SH: 12    Dex: 15    Spells: 12/12 levels left

rFire   + + +        z - +6 hand axe of Peace {holy, Dex+3}
rCold   + . .        J - +0 kite shield
rNeg    . . .        l - +0 plate armour
rPois   +            N - +1 hat
rElec   +            o - +0 cloak
rCorr   +            w - +0 pair of gloves
SInv    .            f - +0 pair of boots
Will    .....        C - amulet of guardian spirit Stlth
                     P - ring of Otura {Fly rF++ rCorr Str+3 Stlth+}
HPRegen 0.39/turn    h - +4 ring of protection
MPRegen 0.13/turn

%: guardian spirit
@: mighty, brilliant, about to teleport, resistant, spiked, flying, hasted, very
quick
A: thin skeletal structure 1, passive freeze, subdued magic 1
a: Renounce Religion, Potion Petition, Call Merchant, Bribe Branch


You were on level 14 of the Dungeon.
You worshipped Gozag.
Gozag was aware of your devotion.
You visited 2 branches of the dungeon, and saw 15 of its levels.
You also visited: Ossuary.

You collected 2628 gold pieces.
You spent 2298 gold pieces at shops.
You paid 112 gold pieces to Gozag.

Inventory:

Hand Weapons
 a - a +0 war axe of freezing
 z - the +6 hand axe of Peace (weapon) {holy, Dex+3}
   (You found it on level 4 of the Dungeon)

   Dex:       It affects your dexterity (+3).
 S - a +2 antimagic battleaxe
Armour
 f - a +0 pair of boots (worn)
 l - a +0 plate armour (worn)
 o - a +0 cloak (worn)
 w - a +0 pair of gloves (worn)
 J - a +0 kite shield (worn)
 N - a +1 hat (worn)
Jewellery
 h - a +4 ring of protection (right hand)
 p - a ring of protection from fire
 B - a +6 ring of intelligence
 C - an amulet of guardian spirit (around neck)
 E - a ring of resist corrosion
 I - a ring of willpower
 O - a +6 ring of strength
 P - the ring of Otura (left hand) {Fly rF++ rCorr Str+3 Stlth+}
   (You bought it in a shop on level 3 of the Dungeon)

   [ring of flight]

   Str:       It affects your strength (+3).
   rF:        It greatly protects you from fire.
   Fly:       It grants you flight.
   rCorr:     It protects you from acid and corrosion.
   Stlth:     It makes you more stealthy.
 Q - a ring of ice
Wands
 k - a wand of digging (5)
 A - a wand of paralysis (7)
 K - a wand of flame (2)
 L - a wand of roots (4)
Scrolls
 i - 2 scrolls of blinking
 m - a scroll of butterflies
 n - 3 scrolls of enchant armour
 r - a scroll of noise
 s - a scroll of poison
 v - 4 scrolls of vulnerability
 x - 3 scrolls of amnesia
 y - 5 scrolls of teleportation
 F - 3 scrolls of enchant weapon
 G - a scroll of fear
 R - 2 scrolls of identify
Potions
 c - 2 potions of lignification
 d - a potion of might
 e - 6 potions of mutation
 g - a potion of brilliance
 j - 2 potions of haste
 q - 4 potions of flight
 u - 3 potions of attraction
 D - 3 potions of cancellation
 H - 2 potions of degeneration
 M - a potion of magic


   Skills:
 + Level 12.3 Fighting
 + Level 15.8 Axes
 + Level 14.0 Armour
 + Level 1.4 Dodging
 + Level 3.4 Stealth
 + Level 10.9 Shields
 + Level 1.6 Unarmed Combat
 + Level 0.4 Evocations


You had 12 spell levels left.
You didn't know any spells.
Your spell library contained the following spells:

 Spells                   Type           Power      Damage    Failure   Level
 Necrotise                Necr           0%         1d4       99%         1
 Slow                     Hex            0%         N/A       99%         1
 Ensorcelled Hibernation  Hex/Ice        0%         N/A       100%        2
 Passwall                 Tmut/Erth      0%         N/A       100%        2
 Confusing Touch          Hex            0%         N/A       100%        3
 Swiftness                Air            0%         N/A       100%        3
 Vampiric Draining        Necr           0%         2d6       100%        3
 Agony                    Necr           0%         N/A       100%        5


Dungeon Overview and Level Annotations

Branches:
Dungeon (14/15)            Temple (1/1) D:5            Lair (0/5) D:10
    Orc (0/2) D:11         Vaults (0/5) D:13        Ossuary (visited)

Altars:
Ashenzari
Cheibriados
Elyvilon
Gozag
Hepliaklqana
Kikubaaqudgha
Makhleb
Okawaru
Qazlal
Ru
Sif Muna
Uskayaw
Vehumet
Wu Jian
Xom
Yredelemnul
The Shining One

Shops:
D:1 =(   D:3 **[=   D:9 =   D:13 *=?:

Annotations:
D:12 Rupert
D:14 Azrael


Innate Abilities, Weirdness & Mutations

You have a somewhat thin skeletal structure. (Dex +2, Stealth+)
A frigid envelope surrounds you and freezes all who hurt you.
Your spells are a little easier to cast, but a little less powerful.


Message History

You turn to flesh and can move again.
You slice the slime creature!!
The slime creature is almost dead.
You slash the slime creature! You hit the slime creature.
You kill the slime creature!
You are engulfed in calcifying dust.
You are slowing down.
You block the slime creature's attack.
The slime creature hits you but does no damage.
You slice the slime creature!!
You kill the slime creature!
You slash the catoblepas! You slash the slime creature!
You kill the slime creature!
You are engulfed in calcifying dust.
Your limbs have turned to stone.
You have turned to stone.
The catoblepas gores you!!
* * * LOW HITPOINT WARNING * * *
The catoblepas is very cold.
The catoblepas is moderately wounded.
The catoblepas is distracted by your dazzling golden aura.
The catoblepas is no longer distracted by gold.
The catoblepas breathes a plume of calcifying dust at you.
The blast of calcifying dust hits you.
* * * LOW HITPOINT WARNING * * *
You are engulfed in calcifying dust.
The catoblepas breathes a plume of calcifying dust at you.
The blast of calcifying dust hits you but does no damage.
You are engulfed in calcifying dust.
The catoblepas is distracted by your dazzling golden aura.
You are engulfed in calcifying dust. x2
The catoblepas is no longer distracted by gold.
The catoblepas gores you.
* * * LOW HITPOINT WARNING * * *
The catoblepas is very cold.
The catoblepas is moderately wounded.
You turn to flesh and can move again.
As you read the scroll of teleportation, it crumbles to dust.
You feel strangely unstable. The catoblepas gores you!
You die...
Your body crumbles into a pile of gold.

#. .........#
.........#
.........#
.........#
.........#
.........#######[.
.........Y$.......
.........$@$......
#..########.......
....... .......
....... .......
....... #######


You could see a catoblepas.

Vanquished Creatures
  A fire dragon (D:14)
  Josephine (D:11)
  5 vault guards (D:13)
  3 boulder beetles
  A centaur warrior (D:13)
  5 two-headed ogres
  A deep elf archer (D:13)
  A deep elf pyromancer (D:13)
  A wizard (D:13)
  3 ugly things
  An orc sorcerer (D:13)
  3 manticores
  3 cyclopes
  The ghost of Psyclone the Destroyer, a novice DECj of Gozag (D:8)
  Psyche (D:9)
  A yaktaur (shapeshifter) (D:13)
  An unseen horror (D:11)
  2 komodo dragons (D:10)
  5 trolls
  Grinder (D:5)
  9 slime creatures
  6 wraiths
  A human (D:13)
  26 yaks
  3 wyverns (D:10)
  2 basilisks
  Grum (D:9)
  2 steam dragons
  Menkaure (D:5)
  3 vampire mosquitoes (D:13)
  2 acid dragons
  3 water moccasins
  2 hell hounds (D:14)
  An orc warrior (D:13)
  An ice beast (D:7)
  A sky beast (D:8)
  2 black bears
  3 wolves (D:9)
  An ogre (D:4)
  4 centaurs
  3 kobold brigands
  3 bullfrogs
  2 elf zombies (Ossuary)
  5 scorpions
  3 wights (D:8)
  5 killer bees (D:8)
  6 howler monkeys
  A crimson imp (D:5)
  A centaur zombie (Ossuary)
  A hound (D:6)
  Crazy Yiuf (D:5)
  8 orc priests
  3 jellies
  Terence (D:2)
  2 sleepcaps
  A human zombie (Ossuary)
  8 orc wizards
  2 hound zombies (Ossuary)
  3 mummies (Ossuary)
  6 adders
  A shadow imp (D:5)
  A white imp (D:7)
  An ufetubus (D:5)
  2 adder zombies (Ossuary)
  A worm (D:2)
  3 dart slugs
  43 orcs
  10 ball pythons
  10 endoplasms
  2 giant cockroaches
  11 goblins
  9 hobgoblins
  5 quokkas
  6 bats
  4 frilled lizards
  4 gnoll zombies (Ossuary)
  4 goblin zombies (Ossuary)
  2 hobgoblin zombies (Ossuary)
  5 jackal zombies (Ossuary)
  19 kobolds
  3 kobold zombies (Ossuary)
  3 quokka zombies (Ossuary)
  2 rats
  4 rat zombies (Ossuary)
  A spectral goblin (D:1)
336 creatures vanquished.

Vanquished Creatures (others)
  A human (D:4)
1 creature vanquished.

Grand Total: 337 creatures vanquished

Notes
Turn   | Place    | Note
-------+----------+-------------------------------------------
     0 | D:1      | fireball365 the Hill Orc Fighter began the quest for the
                  | Orb.
     0 | D:1      | Reached XP level 1. HP: 19/19 MP: 1/1
    69 | D:1      | Reached XP level 2. HP: 27/27 MP: 2/2
   102 | D:1      | Found Jiusogea's Antique Weapon Shoppe.
   179 | D:1      | Found a faded altar of an unknown god.
   215 | D:1      | Reached skill level 3 in Axes
   236 | D:1      | Found Pysso's Jewellery Boutique.
   321 | D:1      | Gained mutation: Your mind is acute. (Int +4, Str/Dex -1)
                  | [potion of mutation]
   331 | D:1      | Lost mutation: Your mind is acute. (Int +4, Str/Dex -1)
                  | [potion of mutation]
   331 | D:1      | Gained mutation: You have a somewhat thin skeletal
                  | structure. (Dex +2, Stealth+) [potion of mutation]
   331 | D:1      | Gained mutation: Your spells are a little easier to cast,
                  | but a little less powerful. [potion of mutation]
   331 | D:1      | Gained mutation: A frigid envelope surrounds you and
                  | freezes all who hurt you. [potion of mutation]
   510 | D:2      | Reached XP level 3. HP: 33/33 MP: 3/3
   719 | D:2      | Noticed Terence
   726 | D:2      | Killed Terence
   727 | D:2      | Reached XP level 4. HP: 36/40 MP: 4/4
  1016 | D:3      | Reached skill level 4 in Axes
  1134 | D:3      | Found Ufechu's General Store.
  1201 | D:3      | Found Vuli Wax's Armour Boutique.
  1206 | D:3      | Found Jiostidd's General Store.
  1235 | D:3      | Bought a +0 pair of gloves for 58 gold pieces
  1247 | D:3      | Bought a scroll of identify for 26 gold pieces
  1247 | D:3      | Bought a potion of curing for 39 gold pieces
  1319 | D:3      | Found Lotizoq's Jewellery Boutique.
  1405 | D:3      | Reached XP level 5. HP: 43/46 MP: 5/5
  1570 | D:3      | Bought a scroll of teleportation for 33 gold pieces
  1570 | D:3      | Bought a potion of heal wounds for 55 gold pieces
  1584 | D:3      | Bought a scroll of identify for 26 gold pieces
  1733 | D:4      | Found a sacrificial altar of Ru.
  2019 | D:4      | Noticed an ogre
  2030 | D:4      | Killed an ogre
  2031 | D:4      | Reached skill level 5 in Axes
  2031 | D:4      | Reached XP level 6. HP: 22/55 MP: 6/6
  2144 | D:4      | Found an ancient bone altar of Kikubaaqudgha.
  2145 | D:4      | Noticed a human
  2147 | D:4      | Killed a human
  2154 | D:4      | Identified the +6 hand axe of Peace {holy, Dex+3}
  2565 | D:5      | Entered Level 5 of the Dungeon
  2606 | D:5      | Reached skill level 6 in Axes
  2610 | D:5      | Noticed Menkaure
  2615 | D:5      | Killed Menkaure
  2616 | D:5      | Reached skill level 5 in Fighting
  2616 | D:5      | Reached skill level 5 in Armour
  2616 | D:5      | Reached XP level 7. HP: 61/61 MP: 7/7
  2639 | D:5      | Found a runed translucent door.
  2640 | D:5      | Noticed Crazy Yiuf
  2645 | D:5      | Killed Crazy Yiuf
  2809 | D:5      | Found a shimmering altar of Xom.
  2809 | D:5      | Found a burning altar of Makhleb.
  2868 | D:5      | Noticed Grinder
  2876 | D:5      | Killed Grinder
  2877 | D:5      | Reached skill level 7 in Axes
  2944 | D:5      | Reached XP level 8. HP: 70/70 MP: 8/8
  2953 | D:5      | Found a staircase to the Ecumenical Temple.
  2988 | Temple   | Entered the Ecumenical Temple
  3437 | D:6      | Reached skill level 8 in Axes
  3633 | D:6      | Found a sand-covered staircase.
  3657 | Ossuary  | Entered an ossuary
  3782 | Ossuary  | Reached skill level 9 in Axes
  3816 | Ossuary  | Reached skill level 1 in Stealth
  4295 | D:6      | Reached skill level 10 in Axes
  4295 | D:6      | Reached XP level 9. HP: 74/78 MP: 9/9
  4450 | D:6      | Reached skill level 5 in Shields
  4631 | Temple   | Became a worshipper of Gozag Ym Sagoz the Greedy
  5147 | D:7      | Reached skill level 11 in Axes
  5780 | D:8      | Noticed Psyclone's ghost (novice DECj)
  6034 | D:8      | Found a transporter.
  6034 | D:8      | Found a transporter.
  6045 | D:8      | Reached XP level 10. HP: 86/86 MP: 10/10
  6157 | D:8      | Reached skill level 12 in Axes
  6167 | D:8      | Killed Psyclone's ghost
  6339 | D:9      | Found Anwevveo's Jewellery Shop.
  6344 | D:9      | Bought an amulet of guardian spirit for 360 gold pieces
  6393 | D:9      | Noticed Grum
  6394 | D:9      | Noticed a two-headed ogre
  6411 | D:9      | Killed a two-headed ogre
  6412 | D:9      | Reached skill level 1 in Dodging
  6426 | D:9      | Killed Grum
  6682 | D:9      | Noticed Psyche
  6702 | D:9      | Killed Psyche
  7018 | D:9      | Reached skill level 13 in Axes
  7182 | D:10     | Entered Level 10 of the Dungeon
  7266 | D:10     | Reached XP level 11. HP: 93/97 MP: 11/11
  7310 | D:10     | Reached skill level 1 in Unarmed Combat
  7375 | D:10     | Found a staircase to the Lair.
  7406 | D:10     | Reached skill level 10 in Armour
  7797 | D:10     | Noticed a boulder beetle
  7817 | D:10     | HP: 2/97 [boulder beetle (12)]
  7819 | D:10     | Killed a boulder beetle
  8124 | D:10     | Noticed a two-headed ogre
  8142 | D:10     | Killed a two-headed ogre
  8819 | D:11     | Reached skill level 10 in Fighting
  8948 | D:11     | Noticed a two-headed ogre
  8957 | D:11     | Reached skill level 14 in Axes
  8960 | D:11     | Killed a two-headed ogre
  9205 | D:11     | Found a staircase to the Orcish Mines.
  9303 | D:11     | Noticed Josephine
  9320 | D:11     | Killed Josephine
  9641 | D:11     | Reached XP level 12. HP: 102/107 MP: 10/12
 10784 | D:12     | Noticed a two-headed ogre
 10796 | D:12     | Killed a two-headed ogre
 10805 | D:12     | Reached skill level 15 in Axes
 10890 | D:12     | Noticed Rupert
 10895 | D:12     | Paralysed by Rupert for 3 turns
 11231 | D:12     | Noticed a boulder beetle
 11244 | D:12     | Killed a boulder beetle
 11373 | D:12     | Paralysed by Rupert for 3 turns
 12369 | D:1      | Bought a +4 ring of protection for 360 gold pieces
 12369 | D:1      | Bought a +6 ring of strength for 360 gold pieces
 12445 | D:3      | Bought a scroll of identify for 26 gold pieces
 12468 | D:3      | Bought the ring of Otura {Fly rF++ rCorr Str+3 Stlth+} for
                  | 680 gold pieces
 12805 | D:13     | Noticed a two-headed ogre
 12818 | D:13     | Killed a two-headed ogre
 12962 | D:13     | Noticed a centaur warrior
 12985 | D:13     | Killed a centaur warrior
 13025 | D:13     | Noticed a vault guard
 13143 | D:13     | Noticed a boulder beetle
 13172 | D:13     | Killed a boulder beetle
 13251 | D:13     | Noticed a vault guard
 13373 | D:13     | Found Nyonn's General Store.
 13374 | D:13     | Found Fudic's Magic Scroll Emporium.
 13377 | D:13     | Found Roitz's Jewellery Emporium.
 13378 | D:13     | Found Noeph's Book Emporium.
 13388 | D:13     | Reached XP level 13. HP: 112/117 MP: 13/13
 13430 | D:13     | Bought a scroll of blinking for 142 gold pieces
 13430 | D:13     | Bought a scroll of teleportation for 57 gold pieces
 13430 | D:13     | Bought a scroll of identify for 38 gold pieces
 13430 | D:13     | Bought a scroll of identify for 38 gold pieces
 13735 | D:13     | Killed a vault guard
 13736 | D:13     | Reached skill level 10 in Shields
 13749 | D:13     | Noticed a vault guard
 13775 | D:13     | Killed a vault guard
 13789 | D:13     | Noticed a vault guard
 13789 | D:13     | Noticed a vault guard
 14118 | D:13     | Killed a vault guard
 14330 | D:13     | Killed a vault guard
 14335 | D:13     | Killed a vault guard
 14389 | D:13     | Found a gate to the Vaults.
 14580 | D:14     | Noticed a fire dragon
 14600 | D:14     | Killed a fire dragon
 14600 | D:14     | Noticed Azrael
 14624 | D:14     | HP: 5/118 [manticore (6)]
 14649 | D:14     | Slain by a catoblepas

Illustrated notes

Levels and vault maps discovered:
D:1:      amcnicky_arrival_blooded_trapdoor, layout_rooms,
          dreamdust_ecumenical_altar_drowned_temple, serial_shops, shop, shop
D:2:      minmay_spotlight, layout_rooms, uniq_terence
D:3:      layout_rooms, serial_shops, nicolae_square_shop, shop_statue,
          shop_coins, shop
D:4:      layout_basic, tgw_kikubaaqudgha, mainiacjoe_overflow_cross_hatched
D:5:      layout_basic, grunt_temple_overflow_champion_of_chaos,
          minmay_temple_entry_statues, minmay_misc_feat_cross, uniq_grinder,
          uniq_crazy_yiuf_cottage, uniq_menkaure
D:6:      layout_loops_ring, nicolae_ossuary_entry_plus
D:7:      layout_loops_ring
D:8:      layout_cave_pools, gammafunk_ghost_hive
D:9:      layout_long_grid, serial_shops, kennysheep_mini, uniq_grum,
          uniq_psyche
D:10:     layout_roguey, erik_lair_dragon, special_room [special_room_orc]
D:11:     layout_long_grid, orc_0_dummy, uniq_josephine
D:12:     layout_stronghold, columned_hall_lemuel, small_statue_intersection,
          glass_columns_a, hangedman_decor_lopped, uniq_rupert
D:13:     layout_roguey, grunt_vaults_entry_fortified, minmay_shop_grid_forest
D:14:     layout_small_grid, small_statue_intersection, nicolae_rejected_hall,
          uniq_frances, uniq_azrael, uniq_kirke
Temple:   dpeg_three_leaves_temple

Skill      XL: |  1  2  3  4  5  6  7  8  9 10 11 12 13 |
---------------+----------------------------------------+-----
Axes           | 3 4 5 6 7 10 11 13 14 15 | 15.8
Fighting       | 4 5 6 7 9 10 11 12 | 12.3
Shields        | 4 6 7 8 9 10 | 10.9
Armour         | 4 5 6 7 8 9 11 13 14 | 14.0
Stealth        | 1 2 3 |  3.4
Dodging        | 1 |  1.4
Unarmed Combat | 1 |  1.6
Evocations     | |  0.4

Action                     |  1- 3 |  4- 6 |  7- 9 | 10-12 | 13-15 || total
---------------------------+-------+-------+-------+-------+-------++-------
  Melee: War axe           |    56 |    38 |       |       |       ||    94
         Hand axe          |       |     9 |   229 |   492 |   142 ||   872
         Unarmed           |       |       |       |    11 |       ||    11
  Evoke: Wand              |       |       |       |     1 |     2 ||     3
    Use: Potion            |     2 |     1 |       |    12 |    11 ||    26
         Scroll            |     3 |     5 |     9 |     7 |     7 ||    31
   Stab: Confused          |       |       |       |     1 |       ||     1
         Distracted        |       |       |       |     3 |       ||     3
 Armour: Scale mail        |    45 |       |       |       |       ||    45
         Plate armour      |    19 |    42 |    99 |   192 |    85 ||   437
         Skin              |       |       |       |     4 |       ||     4
  Dodge: Dodged            |    44 |    18 |    49 |    98 |    37 ||   246
  Block: Buckler           |    25 |    16 |    39 |       |       ||    80
         Kite shield       |       |       |    31 |   180 |    59 ||   270
